 Dungeon Crawl Stone Soup version 0.30-a0-355-g4c39ff33d3 (webtiles) character file.

Game seed: 1989434993835284303

13948 Ijustatesigmund the Reanimator (level 11, -9/80 HPs)
             Began as a Demonspawn Necromancer on Nov 7, 2022.
             Was a Believer of Makhleb.
             Mangled by a tentacled starspawn (20 damage)
             ... on level 2 of the Abyss on Nov 8, 2022.
             The game lasted 00:45:00 (13635 turns).

Ijustatesigmund the Reanimator (DsNe)              Turns: 13635, Time: 00:45:01

Health: -9/80      AC: 16    Str:  9    XL:     11   Next: 82%
Magic:  16/24      EV: 12    Int: 27    God:    Makhleb [**....]
Gold:   692        SH:  0    Dex: 17    Spells: 18/29 levels left

rFire   . . .      SeeInvis .    M - +10 dark maul {vorpal}
rCold   . . .      Faith    .    (shield currently unavailable)
rNeg    . . .      Spirit   .    a - +0 robe
rPois   +          Reflect  .    (no helmet)
rElec   .          Harm     .    v - +1 cloak
rCorr   +          Rampage  .    (gloves unavailable)
Will    .....      Clarity  +    (no boots)
Stlth   ++........               p - amulet of magic regeneration
HPRegen 0.33/turn                q - ring of Imimeask {rPois rCorr Dex+4}
MPRegen 0.59/turn                o - +6 ring of intelligence

@: sanguine armoured
A: claws 3, foul stench 2, sanguine armour 3, clarity
a: Renounce Religion, Minor Destruction


You were on level 2 of the Abyss.
You worshipped Makhleb.
Makhleb was pleased with you.
You visited 2 branches of the dungeon, and saw 10 of its levels.
You visited the Abyss 1 time.

You collected 980 gold pieces.
You spent 288 gold pieces at shops.

Inventory:

Hand Weapons
 e - a +2 morningstar of protection
 M - the +10 dark maul (weapon) {vorpal}
   (You took it off a two-headed ogre on level 9 of the Dungeon)

   It inflicts extra damage upon your enemies.
 O - the +9 staff of Olgreb {rPois∞}
   (You found it on level 6 of the Dungeon)

   If the wielder is skilled in Evocations, they can envenom those struck by it,
   dealing poison damage which bypasses armour.
   It enhances your poison magic.
   It grants immunity to poison.
   It can be activated via the 'a'bility menu to radiate toxic energy, with
   effectiveness depending on Evocations skill.
Missiles
 y - 2 throwing nets
Armour
 a - a +0 robe (worn)
 n - the +0 pair of gloves of the World {Str+2 Int+6}
   (You acquired it on level 4 of the Dungeon)

   Str:       It affects your strength (+2).
   Int:       It affects your intelligence (+6).
 r - the +1 Delatra's gloves {ID++}
   (You found it on level 5 of the Dungeon)

   It heals its wearer when they drink unknown potions.
   It restores its wearer's MP when they read unknown scrolls.
 v - a +1 cloak (worn)
Jewellery
 h - a ring of flight
 j - a +6 ring of strength
 o - a +6 ring of intelligence (right claw)
 p - an amulet of magic regeneration (around neck)
 q - the ring of Imimeask (left claw) {rPois rCorr Dex+4}
   (You acquired it on level 4 of the Dungeon)

   [ring of poison resistance]

   Dex:       It affects your dexterity (+4).
   rPois:     It protects you from poison.
   rCorr:     It protects you from acid and corrosion.
 G - a ring of ice
 I - a +6 ring of intelligence
 J - the amulet of Elemental Vulnerability {rPois rF-- rC-- AC+8}
   (You found it on level 8 of the Dungeon)

   [amulet of nothing]

   AC:        It affects your AC (+8).
   rF:        It makes you very vulnerable to fire.
   rC:        It makes you very vulnerable to cold.
   rPois:     It protects you from poison.
 N - a ring of fire
Wands
 w - a wand of polymorph (14)
 A - a wand of flame (17)
 B - a wand of digging (1)
 F - a wand of mindburst (7)
 H - a wand of roots (6)
Scrolls
 l - 4 scrolls of identify
 u - a scroll of enchant armour
 x - 2 scrolls of immolation
 E - a scroll of silence
 K - a scroll of amnesia
Potions
 b - 2 potions of magic
 d - a potion of flight
 f - a potion of mutation
 i - a potion of curing
 k - 3 potions of lignification
 s - a potion of haste
 t - 3 potions of cancellation
 z - 2 potions of ambrosia
 D - a potion of attraction
 L - a potion of might


   Skills:
 - Level 5.4 Fighting
 - Level 5.0 Maces & Flails
 - Level 1.7 Dodging
 - Level 1.7 Stealth
 - Level 9.9 Spellcasting
 - Level 12.2 Necromancy
 + Level 5.2 Poison Magic
 + Level 9.5 Invocations
 - Level 2.4 Evocations


You had 18 spell levels left.
You knew the following spells:

 Your Spells              Type           Power      Damage    Failure   Level
a - Necrotise             Necr           100%       1d9       1%          1
b - Vampiric Draining     Necr           68%        2d10      1%          3
c - Agony                 Necr           68%        N/A       1%          5
d - Cigotuvi's Dreadful   Necr/Pois/Air  88%        N/A       1%          2

Your spell library contained the following spells:

 Spells                   Type           Power      Damage    Failure   Level
 Animate Dead             Necr           68%        N/A       1%          4
 Poisonous Vapours        Pois/Air       54%        N/A       2%          2
 Freeze                   Ice            52%        1d6       4%          1
 Ignite Poison            Fire/Tmut/Pois 22%        N/A       6%          3
 Mephitic Cloud           Conj/Pois/Air  22%        N/A       6%          3
 Frozen Ramparts          Ice            26%        1d4       13%         3
 Hailstorm                Conj/Ice       13%        3d5       13%         3
 Sticky Flame             Conj/Fire      13%        2d4       41%         4
 Ignition                 Fire           6%         3d4       100%        8


Dungeon Overview and Level Annotations

Branches:
Dungeon (9/15)             Temple (1/1) D:4            Lair (0/5) D:8
    Orc: D:9-12

Altars:
Ashenzari
Cheibriados
Dithmenos
Fedhas
Gozag
Hepliaklqana
Kikubaaqudgha
Makhleb
Nemelex Xobeh
Okawaru
Qazlal
Ru
Sif Muna
Trog
Uskayaw
Vehumet
Wu Jian
Xom
Yredelemnul

Shops:
D:6 =   D:8 *   D:9 *

Annotations:
D:6 1 runed translucent door
D:9 2 transporters


Innate Abilities, Weirdness & Mutations

You have claws for hands.
You sometimes emit foul miasma when damaged in melee.
When seriously injured, your blood forms very thick armour. (AC +12)
You possess an exceptional clarity of mind.


Message History

A raiju comes into view.
A wretched star comes into view.
The wretched star glows turbulently.
The lance of force hits you!!
You are knocked back by the lance of force.
You slam into the stone wall!
* * * LOW HITPOINT WARNING * * *
The raiju bites you.
* * * LOW HITPOINT WARNING * * *
The raiju shocks you!
* * * LOW HITPOINT WARNING * * *
You emit a cloud of foul miasma!
Tentacles burst from the starspawn's body! 2 starspawn tentacles come into view.
Casting: Vampiric Draining (safe; 1% risk of failure)
Confirm with . or Enter, or press ? or * to list all spells.
Aiming: Vampiric Draining (safe; 1% risk of failure)
Press: ? - help, Shift-Dir - straight line, f - raiju
Aim: a raiju (foul pestilence)
You draw life force from the raiju.
You feel life coursing into your body.
The raiju is engulfed in dark miasma.
The raiju is poisoned.
The raiju bites you but does no damage. The starspawn tentacle grabs you.
The starspawn tentacle constricts you.
* * * LOW HITPOINT WARNING * * *
Casting: Vampiric Draining (safe; 1% risk of failure)
Confirm with . or Enter, or press ? or * to list all spells.
Aiming: Vampiric Draining (safe; 1% risk of failure)
Press: ? - help, Shift-Dir - straight line, f/p - raiju
Aim: a raiju (foul pestilence, moderately wounded, poisoned)
You draw life force from the raiju!
You feel life coursing into your body. The starspawn tentacle constricts you.
* * * LOW HITPOINT WARNING * * *
You bludgeon the wretched star!!
The wretched star is heavily damaged.
You hear a bark! x2
The starspawn tentacle loses its grip on you.
A raiju comes into view.
The freezing wraith hits you but does no damage. x2
The tentacled starspawn bites you!!
You die...

### .. #. .
## .# #..
#..##W#...#
##@..#
#.wX*##..#
#h####. .#
#. .# ..
#.. #. #.


You could see a tentacled starspawn, a wretched star, a freezing wraith, a raiju
and a starspawn tentacle (distracted).

Vanquished Creatures
  A tentacled starspawn (Abyss:1)
  The ghost of 910rd the Basher, a novice AtFi of Uskayaw (D:9)
  2 two-headed ogres
  2 large abominations (Abyss:1)
  2 cyclopes (D:9)
  A worldbinder (Abyss:1)
  The ghost of LetschGu the Shield-Bearer, a novice TrFi (D:7)
  An orange demon (Abyss:2)
  A troll (D:7)
  A hornet (D:8)
  A raiju (Abyss:2)
  A vampire (D:8)
  2 wyverns
  A ynoxinul (Abyss:1)
  3 yaks (D:9)
  A steam dragon (D:6)
  Grum (D:9)
  2 neqoxecs (Abyss:1)
  4 redbacks (D:6)
  The ghost of mojasp the Digger, an amateur DsEE (D:4)
  An acid dragon (D:8)
  Duvessa (D:4)
  3 water moccasins
  A naga skeleton (Abyss:1)
  3 orc warriors
  7 ice beasts
  A sky beast (D:7)
  2 wolves (D:9)
  An ogre (D:7)
  A centaur (D:9)
  Blork the orc (D:4)
  10 kobold brigands
  A necrophage (D:6)
  5 bullfrogs
  A gnoll sergeant (D:6)
  9 scorpions
  3 small abominations
  4 wights
  Dowan (D:4)
  10 killer bees
  6 howler monkeys
  3 hounds
  4 jellies
  Crazy Yiuf (D:5)
  5 orc priests
  7 iguanas
  Natasha (twice) (D:4)
  7 orc wizards
  A centaur simulacrum (D:9)
  6 adders
  3 gnolls (D:6)
  5 white imps
  A howler monkey simulacrum (D:9)
  2 ufetubi
  2 worms (D:3)
  44 orcs
  A ball python (D:3)
  5 bats
  4 endoplasms
  A giant cockroach (D:2)
  5 goblins
  12 hobgoblins
  12 jackals
  2 quokkas (D:2)
  A frilled lizard (D:2)
  15 kobolds
  4 rats
257 creatures vanquished.

Vanquished Creatures (collateral kills)
  Natasha (D:4)
  An ufetubus (D:4)
  A worm (D:4)
  An orc (D:5)
  2 training dummies (D:4)
  2 kobolds (D:7)
8 creatures vanquished.

Vanquished Creatures (others)
  4 fungi (D:5)
  3 starspawn tentacles
7 creatures vanquished.

Grand Total: 272 creatures vanquished

Notes
Turn   | Place    | Note
-------+----------+-------------------------------------------
     0 | D:1      | Ijustatesigmund the Demonspawn Necromancer began the quest
                  | for the Orb.
     0 | D:1      | Reached XP level 1. HP: 13/13 MP: 3/3
   271 | D:1      | Gained mutation: When seriously injured, your blood forms
                  | armour. (AC +12) [demonic ancestry]
   271 | D:1      | Reached XP level 2. HP: 17/20 MP: 3/5
   613 | D:1      | Reached skill level 1 in Fighting
  1091 | D:2      | Found a faded altar of an unknown god.
  1140 | D:2      | Reached XP level 3. HP: 25/26 MP: 1/6
  2308 | D:3      | Upgraded the game from 0.30-a0-352-g1e81539c98 to
                  | 0.30-a0-355-g4c39ff33d3
  2312 | D:3      | Learned a level 3 spell: Vampiric Draining
  2313 | D:3      | Gained mutation: Your spells are a little harder to cast,
                  | but a little more powerful. [potion of mutation]
  2314 | D:3      | Lost mutation: Your spells are a little harder to cast, but
                  | a little more powerful. [potion of mutation]
  2314 | D:3      | Gained mutation: You are somewhat resistant to further
                  | mutation. [potion of mutation]
  2314 | D:3      | Gained mutation: You possess an exceptional clarity of
                  | mind. [potion of mutation]
  2504 | D:3      | Found a sparkling altar of Nemelex Xobeh.
  2521 | D:3      | Reached skill level 5 in Necromancy
  2666 | D:3      | Found a shadowy altar of Dithmenos.
  2856 | D:3      | Gained mutation: When seriously injured, your blood forms
                  | thick armour. (AC +12) [demonic ancestry]
  2856 | D:3      | Reached XP level 4. HP: 33/33 MP: 0/8
  3095 | D:3      | Identified the +10 dagger of No Interval {flame, rPois}
  3373 | D:4      | Noticed Natasha
  3377 | D:4      | Killed Natasha
  3381 | D:4      | Gained mutation: You have sharp fingernails. [demonic
                  | ancestry]
  3381 | D:4      | Reached XP level 5. HP: 37/39 MP: 6/9
  3381 | D:4      | Noticed Natasha
  3390 | D:4      | Killed Natasha
  3400 | D:4      | Noticed Blork the orc
  3410 | D:4      | Killed Blork the orc
  3483 | D:4      | Noticed Natasha
  3488 | D:4      | Killed Natasha
  3520 | D:4      | Noticed Duvessa
  3520 | D:4      | Noticed Dowan
  3634 | D:4      | Gained mutation: You may rarely emit foul miasma when
                  | damaged in melee. [demonic ancestry]
  3634 | D:4      | Reached XP level 6. HP: 47/47 MP: 6/11
  3767 | D:4      | Found a runed translucent gate.
  3767 | D:4      | Found a runed translucent gate.
  3772 | D:4      | Found a runed translucent gate.
  3774 | D:4      | Noticed mojasp's ghost (amateur DsEE)
  3835 | D:4      | Found a staircase to the Ecumenical Temple.
  3843 | Temple   | Entered the Ecumenical Temple
  4237 | D:4      | Reached skill level 6 in Necromancy
  4318 | D:4      | Identified 3 scrolls of acquirement
  4318 | D:4      | Acquired 378 gold pieces
  4319 | D:4      | Acquired the ring of Imimeask {rPois rCorr Dex+4}
  4325 | D:4      | Acquired the +0 pair of gloves of the World {Str+2 Int+6}
  4348 | D:4      | Learned a level 5 spell: Agony
  4464 | D:5      | Entered Level 5 of the Dungeon
  4866 | D:5      | Noticed an orc warrior
  4882 | D:5      | Killed an orc warrior
  4984 | D:5      | Found the +1 Delatra's gloves {ID++}
  5170 | D:5      | Gained mutation: When seriously injured, your blood forms
                  | very thick armour. (AC +12) [demonic ancestry]
  5170 | D:5      | Reached XP level 7. HP: 51/52 MP: 10/14
  5601 | D:5      | Reached skill level 7 in Necromancy
  5724 | D:5      | Found a runed translucent door.
  5725 | D:5      | Noticed Crazy Yiuf
  5732 | D:5      | Killed Crazy Yiuf
  5733 | D:5      | Reached skill level 5 in Spellcasting
  5855 | D:5      | Reached skill level 1 in Maces & Flails
  6201 | D:6      | Found Hynaq's Jewellery Emporium.
  6398 | D:6      | Reached XP level 8. HP: 58/58 MP: 9/16
  6440 | D:6      | Found the +9 staff of Olgreb {rPois∞}
  6624 | D:6      | Found a runed translucent door.
  6628 | D:6      | Found a runed translucent gate.
  6628 | D:6      | Found a runed translucent gate.
  6629 | D:6      | Found a runed translucent door.
  6641 | D:6      | Found a runed translucent gate.
  6729 | D:6      | Reached skill level 8 in Necromancy
  7466 | D:4      | Killed Duvessa
  7503 | D:4      | Killed Dowan
  7765 | D:6      | Reached skill level 9 in Necromancy
  7906 | D:7      | Noticed a troll
  7912 | D:7      | Killed a troll
  7913 | D:7      | Gained mutation: You have very sharp fingernails. [demonic
                  | ancestry]
  7913 | D:7      | Reached XP level 9. HP: 43/63 MP: 6/19
  8373 | D:7      | Reached skill level 5 in Maces & Flails
  8668 | D:7      | Found an iron altar of Okawaru.
  8668 | D:7      | Found a bloodstained altar of Trog.
  9052 | D:7      | Found a runed translucent gate.
  9053 | D:7      | Found a runed translucent gate.
  9100 | D:7      | Found a runed translucent gate.
  9100 | D:7      | Noticed LetschGu's ghost (novice TrFi)
  9306 | D:8      | Found a staircase to the Lair.
  9319 | D:8      | Found Zaijelut's Assorted Antiques.
  9325 | D:8      | Bought a worn lead wand for 96 gold pieces
  9325 | D:8      | Bought a smoking leather armour for 168 gold pieces
  9325 | D:8      | Identified the +0 leather armour "Tiek" {*Corrode +Inv rN+}
                  | (You bought it in a shop on level 8 of the Dungeon)
  9325 | D:8      | Bought a scroll labelled WIAMPOEDEY for 24 gold pieces
  9361 | D:8      | Noticed a two-headed ogre
  9370 | D:8      | Killed a two-headed ogre
  9371 | D:8      | Reached skill level 10 in Necromancy
  9899 | D:8      | Reached skill level 5 in Fighting
  9899 | D:8      | Gained mutation: You have claws for hands. [demonic
                  | ancestry]
  9899 | D:8      | Reached XP level 10. HP: 74/74 MP: 9/22
 10243 | D:8      | Found the amulet of Elemental Vulnerability {rPois rF--
                  | rC-- AC+8}
 10880 | D:9      | Found a burning altar of Makhleb.
 11082 | D:9      | Found a radiant altar of Vehumet.
 11086 | D:9      | Found a stormy altar of Qazlal.
 11086 | D:9      | Found an opulent altar of Gozag.
 11171 | D:9      | Found a runed translucent gate.
 11171 | D:9      | Found a runed translucent gate.
 11173 | D:9      | Found a runed translucent gate.
 11215 | D:9      | Noticed Grum
 11227 | D:9      | Reached skill level 1 in Evocations
 11428 | D:9      | Found a transporter.
 11442 | D:9      | Found a transporter.
 11466 | D:9      | Reached skill level 11 in Necromancy
 11521 | D:9      | Noticed 910rd's ghost (novice AtFi)
 11620 | D:9      | Killed Grum
 11660 | D:9      | Became a worshipper of Makhleb the Destroyer
 11694 | D:9      | Reached skill level 1 in Invocations
 11852 | D:9      | Noticed a cyclops
 11856 | D:9      | Killed a cyclops
 11986 | D:9      | Noticed a two-headed ogre
 11987 | D:9      | Noticed a cyclops
 11995 | D:9      | Killed a two-headed ogre
 12001 | D:9      | Killed a cyclops
 12156 | D:9      | Found Kopah's Lightly-Used Armoury.
 12293 | D:9      | Killed 910rd's ghost
 12294 | D:9      | Gained mutation: You sometimes emit foul miasma when
                  | damaged in melee. [demonic ancestry]
 12294 | D:9      | Reached XP level 11. HP: 33/80 MP: 24/24
 12301 | D:9      | Reached skill level 5 in Invocations
 12607 | D:4      | Killed mojasp's ghost
 12703 | D:6      | Reached skill level 12 in Necromancy
 12723 | D:6      | Reached * piety under Makhleb
 12821 | D:6      | Identified the +0 ring mail of Hedonism {Harm rElec Dex+7}
 12886 | D:6      | Learned a level 2 spell: Cigotuvi's Dreadful Rot
 12997 | D:7      | Reached skill level 1 in Poison Magic
 12998 | D:7      | Killed LetschGu's ghost
 13003 | Abyss:1  | Cast into level 1 of the Abyss (kobold brigand)
 13057 | Abyss:1  | Noticed a sixfirhy
 13146 | Abyss:1  | Noticed a large abomination
 13152 | Abyss:1  | Killed a large abomination
 13153 | Abyss:1  | Lost mutation: You are somewhat resistant to further
                  | mutation. [a neqoxec]
 13229 | Abyss:1  | Noticed a bog body
 13230 | Abyss:1  | Noticed a goliath frog
 13304 | Abyss:1  | Noticed a tentacled starspawn
 13307 | Abyss:1  | Killed a tentacled starspawn
 13307 | Abyss:1  | Reached ** piety under Makhleb
 13307 | Abyss:1  | Noticed a bone dragon
 13320 | Abyss:1  | Noticed a tentacled starspawn
 13474 | Abyss:2  | Reached skill level 5 in Poison Magic
 13474 | Abyss:2  | Found a corrupted altar of Lugonu.
 13484 | Abyss:2  | Noticed a thrashing horror
 13487 | Abyss:2  | HP: 4/80 [thrashing horror (9)]
 13488 | Abyss:2  | Found a corrupted altar of Lugonu.
 13611 | Abyss:2  | Noticed a sun demon
 13629 | Abyss:2  | Noticed a tentacled starspawn
 13632 | Abyss:2  | Noticed a wretched star
 13635 | Abyss:2  | Mangled by a tentacled starspawn

Illustrated notes

Levels and vault maps discovered:
D:1:      dpeg_arrival_boxes_within_box, layout_basic
D:2:      layout_basic, nicolae_ecumenical_oubliette, kennysheep_generic_room_10
D:3:      layout_loops_ring, lemuel_tele_altar, zin_statuary,
          mainiacjoe_overflow_boulevard
D:4:      dreamdust_elfheim, layout_basic, temple_green,
          ebering_ghost_rock_garden, uniq_natasha, uniq_blork_the_orc
D:5:      layout_loops_corners, pf_guarded_unrand_delatra,
          uniq_crazy_yiuf_cottage
D:6:      layout_loops_cross, serial_shops, shop,
          minmay_guarded_unrand_staff_of_olgreb
D:7:      layout_basic, grunt_temple_overflow_bloody_war,
          gammafunk_ghost_nasty_kobolds, minmay_misc_feat_nine_boxes,
          nicolae_benzene_ring
D:8:      layout_gridville, lair_entry_dummy, serial_shops, shop
D:9:      gammafunk_steamed_eel, layout_loops_ring, grunt_temple_overflow_open,
          bloody_makhleb, gammafunk_ghost_icy, amcnicky_mini_corridor_feature,
          minmay_shop_damaged, hellmonk_guarded_unrand_dark_maul, uniq_grum
Temple:   oiseaux_autumnal_temple
Abyss:2:  base:
D:5

Skill      XL: |  1  2  3  4  5  6  7  8  9 10 11 |
---------------+----------------------------------+-----
Fighting       | 1 2 3 5 |  5.4
Necromancy     | 5 6 7 9 10 11 12 | 12.2
Spellcasting   | 3 4 5 6 8 9 |  9.9
Maces & Flails | 2 4 5 |  5.0
Evocations     | 2 |  2.4
Invocations    | 4 9 |  9.5
Poison Magic   | 5 |  5.2
Dodging        | |  1.7
Stealth        | |  1.7

Action                   |  1- 3 |  4- 6 |  7- 9 | 10-12 || total
-------------------------+-------+-------+-------+-------++-------
Melee: Dagger            |    17 |    34 |    37 |       ||    88
       Short sword       |    64 |       |       |       ||    64
       Punch             |     2 |       |     1 |     1 ||     4
       Morningstar       |       |       |   192 |   113 ||   305
       Maul              |       |       |       |    99 ||    99
 Cast: Necrotise         |    69 |    68 |    46 |    34 ||   217
       Vampiric Draining |       |     3 |    33 |    29 ||    65
       Agony             |       |     1 |    12 |     1 ||    14
       Cigotuvi's Dreadf |       |       |       |     1 ||     1
Evoke: Wand              |       |       |       |    22 ||    22
  Use: Scroll            |    10 |     5 |     8 |    10 ||    33
       Potion            |     2 |     2 |     3 |     9 ||    16
 Stab: Sleeping          |     2 |       |     4 |     1 ||     7
       Distracted        |       |       |       |     2 ||     2
Armor: Robe              |    29 |     9 |   128 |   185 ||   351
Dodge: Dodged            |    59 |    39 |   185 |   298 ||   581

Table legend: (Time is in decaauts)
 A = Elapsed time spent in this place.
 B = Non-inter-level travel time spent in this place.
 C = Inter-level travel time spent in this place.
 D = Time resting spent in this place.
 E = Time spent auto-exploring this place.
 F = Levels seen in this place.
 G = Mean time per level.
                   A        B        C        D        E       F      G
               +--------+--------+--------+--------+--------+-----+--------+
         Total |  13914 |  13125 |    789 |   3237 |   7679 |  12 | 1159.5 |
       Dungeon |  12969 |  12223 |    746 |   2809 |   7420 |   9 | 1441.0 |
        Temple |    262 |    220 |     42 |      0 |    208 |   1 |  262.0 |
         Abyss |    682 |    682 |      0 |    428 |     51 |   2 |  341.0 |
               +--------+--------+--------+--------+--------+-----+--------+

Top non-repeatable levels by time:
     D:5: 2064 daAuts
     D:9: 1694 daAuts
     D:8: 1627 daAuts
     D:6: 1583 daAuts
     D:7: 1473 daAuts
     D:4: 1351 daAuts
     D:2: 1167 daAuts
     D:1: 1085 daAuts
     D:3: 921 daAuts
 Abyss:1: 358 daAuts
 Abyss:2: 323 daAuts
  Temple: 262 daAuts
